TOP OF THE 1ST |
---|
Nassau Rockets batting - Pitching for Maui Tropics : LHP Jerry Martin | Pitching: LHP Jerry Martin | | Batting: LHB Don Ramey | 0-0: Called Strike 0-1: Foul Ball, location: 2F 0-2: Foul Ball, location: 2F 0-2: Ball 1-2: Ground out 1-3 (Groundball, P) | Batting: LHB Juan Romero | 0-0: Ball 1-0: Ball 2-0: SINGLE (Flyball, 78S) | Batting: RHB Pete Harvey | 0-0: Ball 1-0: Ball 2-0: Called Strike 2-1: Grounds into double play, 4-6-3 (Groundball, 4) | Top of the 1st over - 0 runs, 1 hit, 0 errors, 0 left on base; Nassau 0 - Maui 0 | BOTTOM OF THE 1ST |
---|
Maui Tropics batting - Pitching for Nassau Rockets : LHP Joaquín Gonzáles | Pitching: LHP Joaquín Gonzáles | | Batting: RHB Roberto Gómez | 0-0: Called Strike 0-1: Ball 1-1: Foul Ball, location: 2F 1-2: Ground out U3 (Groundball, 34) | Batting: RHB Matt Silver | 0-0: Foul Ball, location: 2F 0-1: Called Strike 0-2: Ball 1-2: Ground out 1-3 (Groundball, 13) | Batting: RHB Jesús Espinoza | 0-0: Called Strike 0-1: SINGLE (Line Drive, 4MD) | Batting: LHB Don Hull | 0-0: Ball 1-0: Foul Ball, location: 2F 1-1: Ball 2-1: Foul Ball, location: 2F 2-2: Strikes out looking | Bottom of the 1st over - 0 runs, 1 hit, 0 errors, 1 left on base; Nassau 0 - Maui 0 | TOP OF THE 2ND |
---|
Nassau Rockets batting - Pitching for Maui Tropics : LHP Jerry Martin | Batting: RHB Salvador Borbón | 0-0: Ball 1-0: Swinging Strike 1-1: Ball 2-1: Ball 3-1: Base on Balls | Batting: RHB Kenji Kudo | 0-0: Called Strike 0-1: Swinging Strike 0-2: Strikes out swinging | Batting: LHB Doug Thompson | 0-0: Called Strike 0-1: Foul Ball, location: 2F 0-2: Ball 1-2: Strikes out swinging | Batting: SHB Joaquín López | 0-0: Called Strike 0-1: Ball 1-1: Ball 2-1: Ground out 4-3 (Groundball, 4) | Top of the 2nd over - 0 runs, 0 hits, 0 errors, 1 left on base; Nassau 0 - Maui 0 | BOTTOM OF THE 2ND |
---|
Maui Tropics batting - Pitching for Nassau Rockets : LHP Joaquín Gonzáles | Batting: LHB Luis Antonio Torres | 0-0: Ball 1-0: Ball 2-0: Foul Ball, location: 2F 2-1: Foul Ball, location: 2F 2-2: Ball 3-2: Strikes out looking | Batting: LHB Dave Cook | 0-0: Ball 1-0: Foul Ball, location: 2F 1-1: Ball 2-1: Ground out 6-3 (Groundball, 6) | Batting: RHB Michael Woodruff | 0-0: Foul Ball, location: 2F 0-1: Foul Ball, location: 2F 0-2: Strikes out looking | Bottom of the 2nd over - 0 runs, 0 hits, 0 errors, 0 left on base; Nassau 0 - Maui 0 | TOP OF THE 3RD |
---|
Nassau Rockets batting - Pitching for Maui Tropics : LHP Jerry Martin | Batting: LHB Wilson Allen | 0-0: Ball 1-0: Ground out 5-3 (Groundball, 5L) | Batting: RHB John Anderson | 0-0: Reached on error, E2 (Groundball, 2L) | Batting: LHB Don Ramey | 0-0: Ground out 1-3 (Groundball, 13S) John Anderson to third | Batting: LHB Juan Romero | 0-0: Ball 1-0: Called Strike 1-1: Ball 2-1: Ground out 6-3 (Groundball, 6) | Top of the 3rd over - 0 runs, 0 hits, 1 error, 1 left on base; Nassau 0 - Maui 0 | BOTTOM OF THE 3RD |
---|
Maui Tropics batting - Pitching for Nassau Rockets : LHP Joaquín Gonzáles | Batting: LHB Ernesto López | 0-0: Called Strike 0-1: Fly out, F7 (Line Drive, 7S) | Batting: RHB Bo Vickers | 0-0: Ball 1-0: Ball 2-0: SINGLE (Groundball, 56D) | Batting: RHB Roberto Gómez | 0-0: Foul Ball, location: 2F 0-1: Ball 1-1: Foul Ball, location: 2F 1-2: Ball 2-2: Grounds into double play, 5-4-3 (Groundball, 5) | Bottom of the 3rd over - 0 runs, 1 hit, 0 errors, 0 left on base; Nassau 0 - Maui 0 | TOP OF THE 4TH |
---|
Nassau Rockets batting - Pitching for Maui Tropics : LHP Jerry Martin | Batting: RHB Pete Harvey | 0-0: Ball 1-0: Called Strike 1-1: Ball 2-1: Fly out, F9 (Line Drive, 9S) | Batting: RHB Salvador Borbón | 0-0: Ball 1-0: SOLO HOME RUN (Flyball, 78XD), Distance : 395 ft | Batting: RHB Kenji Kudo | 0-0: DOUBLE (Flyball, 89D) | Batting: LHB Doug Thompson | 0-0: Ball 1-0: Called Strike 1-1: Ball 2-1: SINGLE (Line Drive, 78S) Kenji Kudo to third Runner from 3rd tries for Home, SAFE, no throw | Batting: SHB Joaquín López | 0-0: Ball 1-0: Called Strike 1-1: Swinging Strike 1-2: Fly out, F8 (Line Drive, 8LD) | Batting: LHB Wilson Allen | 0-0: Fielders Choice at 2nd, 6-4 (Groundball, 56) | Top of the 4th over - 2 runs, 3 hits, 0 errors, 1 left on base; Nassau 2 - Maui 0 | BOTTOM OF THE 4TH |
---|
Maui Tropics batting - Pitching for Nassau Rockets : LHP Joaquín Gonzáles | Batting: RHB Matt Silver | 0-0: Ground out 5-3 (Groundball, 56S) | Batting: RHB Jesús Espinoza | 0-0: Ball 1-0: Called Strike 1-1: Fly out, F8 (Flyball, 8RM) | Batting: LHB Don Hull | 0-0: SINGLE (Groundball, 56D) | Batting: LHB Luis Antonio Torres | 0-0: Called Strike Don Hull is caught stealing 2nd base | Bottom of the 4th over - 0 runs, 1 hit, 0 errors, 0 left on base; Nassau 2 - Maui 0 | TOP OF THE 5TH |
---|
Nassau Rockets batting - Pitching for Maui Tropics : LHP Jerry Martin | Batting: RHB John Anderson | 0-0: Ball 1-0: Ball 2-0: Swinging Strike 2-1: Ground out 5-3 (Groundball, 5) | Batting: LHB Don Ramey | 0-0: Ball 1-0: Reached on error, E4 (Flyball, 34D) | Batting: LHB Juan Romero | 0-0: Foul Ball, location: 2F 0-1: Ball 1-1: Ball 2-1: Foul Ball, location: 2F 2-2: Ball 3-2: Base on Balls Don Ramey to second | Batting: RHB Pete Harvey | 0-0: Called Strike 0-1: Reached on error, E6 (Groundball, 6) Don Ramey to third Juan Romero to second | Batting: RHB Salvador Borbón | 0-0: Called Strike 0-1: Foul Ball, location: 2F 0-2: Grounds into double play, 6-4-3 (Groundball, 6) | Top of the 5th over - 0 runs, 0 hits, 2 errors, 2 left on base; Nassau 2 - Maui 0 | BOTTOM OF THE 5TH |
---|
Maui Tropics batting - Pitching for Nassau Rockets : LHP Joaquín Gonzáles | Batting: LHB Luis Antonio Torres | 0-0: Ball 1-0: Foul Ball, location: 2F 1-1: Ball 2-1: Called Strike 2-2: Ground out 5-3 (Groundball, 56) | Batting: LHB Dave Cook | 0-0: Ball 1-0: Ball 2-0: Foul Ball, location: 2F 2-1: Ground out U3 (Groundball, 3) | Batting: RHB Michael Woodruff | 0-0: Ball 1-0: Ground out 6-3 (Groundball, 6D) | Bottom of the 5th over - 0 runs, 0 hits, 0 errors, 0 left on base; Nassau 2 - Maui 0 | TOP OF THE 6TH |
---|
Nassau Rockets batting - Pitching for Maui Tropics : LHP Jerry Martin | Batting: RHB Kenji Kudo | 0-0: Ball 1-0: Ground out 6-3 (Groundball, 6) | Batting: LHB Doug Thompson | 0-0: SINGLE (Flyball, 78M) | Batting: SHB Joaquín López | 0-0: Called Strike 0-1: Foul Ball, location: 2F 0-2: Strikes out swinging | Batting: LHB Wilson Allen | 0-0: Called Strike 0-1: Called Strike 0-2: Ball 1-2: Strikes out swinging | Top of the 6th over - 0 runs, 1 hit, 0 errors, 1 left on base; Nassau 2 - Maui 0 | BOTTOM OF THE 6TH |
---|
Maui Tropics batting - Pitching for Nassau Rockets : LHP Joaquín Gonzáles | Batting: LHB Ernesto López | 0-0: Called Strike 0-1: Ground out 6-3 (Groundball, 6) | Batting: RHB Bo Vickers | 0-0: Foul Ball, location: 2F 0-1: Ball 1-1: Foul Ball, location: 2F 1-2: Ball 2-2: Foul Ball, location: 2F 2-2: Fly out, F7 (Flyball, 7S) | Batting: RHB Roberto Gómez | 0-0: Foul Ball, location: 2F 0-1: Ball 1-1: Foul Ball, location: 2F 1-2: Ball 2-2: Foul Ball, location: 2F 2-2: Ground out 6-3 (Groundball, 6M) | Bottom of the 6th over - 0 runs, 0 hits, 0 errors, 0 left on base; Nassau 2 - Maui 0 | TOP OF THE 7TH |
---|
Nassau Rockets batting - Pitching for Maui Tropics : LHP Jerry Martin | Batting: RHB John Anderson | 0-0: Ball 1-0: Ball 2-0: Ball 3-0: Base on Balls | Batting: LHB Don Ramey | 0-0: Bunted foul 0-1: Sac Bunt - play at first, batter OUT! 3-4 John Anderson to second | Batting: LHB Juan Romero | 0-0: Ball 1-0: Called Strike 1-1: DOUBLE (Flyball, 78XD) John Anderson scores | Batting: RHB Pete Harvey | 0-0: Ball 1-0: Ball 2-0: Called Strike 2-1: 2-RUN HOME RUN (Flyball, 7D), Distance : 346 ft | Pitching: RHP David Bailey | | Batting: RHB Salvador Borbón | 0-0: Ball 1-0: Swinging Strike 1-1: Ball 2-1: Fly out, F8 (Flyball, 8LS) | Batting: RHB Kenji Kudo | 0-0: Ball 1-0: Foul Ball, location: 2F 1-1: Ground out 1-3 (Groundball, 15) | Top of the 7th over - 3 runs, 2 hits, 0 errors, 0 left on base; Nassau 5 - Maui 0 | BOTTOM OF THE 7TH |
---|
Maui Tropics batting - Pitching for Nassau Rockets : LHP Joaquín Gonzáles | Batting: RHB Matt Silver | 0-0: Fly out, F8 (Flyball, 78D) | Batting: RHB Jesús Espinoza | 0-0: Ball 1-0: Ball 2-0: SOLO HOME RUN (Flyball, 7D), Distance : 368 ft | Batting: LHB Don Hull | 0-0: Called Strike 0-1: Ball 1-1: Ball 2-1: Foul Ball, location: 2F 2-2: Strikes out swinging | Batting: LHB Luis Antonio Torres | 0-0: Called Strike 0-1: Ground out U3 (Groundball, 34S) | Bottom of the 7th over - 1 run, 1 hit, 0 errors, 0 left on base; Nassau 5 - Maui 1 | TOP OF THE 8TH |
---|
Nassau Rockets batting - Pitching for Maui Tropics : RHP David Bailey | Batting: LHB Doug Thompson | 0-0: Ball 1-0: SINGLE (Groundball, 4MD) | Batting: SHB Joaquín López | 0-0: Foul Ball, location: 2F 0-1: Ball 1-1: Foul Ball, location: 2F 1-2: Ball 2-2: Ball 3-2: Base on Balls Doug Thompson to second | Batting: LHB Wilson Allen | 0-0: Fly out, F8 (Flyball, 8RS) | Batting: RHB John Anderson | 0-0: Foul Ball, location: 2F 0-1: Ball 1-1: Swinging Strike 1-2: DOUBLE (Line Drive, 9LM) Doug Thompson scores Joaquín López to third Runner from 3rd tries for Home, SAFE, no throw | Batting: LHB Don Ramey | 0-0: Ball 1-0: Ball 2-0: Foul Ball, location: 2F 2-1: Ball 3-1: Base on Balls | Batting: LHB Juan Romero | 0-0: Foul Ball, location: 2F 0-1: SINGLE (Line Drive, 9LS) John Anderson to third Don Ramey to second | Batting: RHB Pete Harvey | 0-0: Ball 1-0: Swinging Strike 1-1: Ball 2-1: Called Strike 2-2: Grounds into double play, 6-4-3 (Groundball, 6) | Top of the 8th over - 2 runs, 3 hits, 0 errors, 2 left on base; Nassau 7 - Maui 1 | BOTTOM OF THE 8TH |
---|
Maui Tropics batting - Pitching for Nassau Rockets : LHP Joaquín Gonzáles | Batting: LHB Dave Cook | 0-0: Ball 1-0: Called Strike 1-1: Foul Ball, location: 2F 1-2: SOLO HOME RUN (Flyball, 9LD), Distance : 349 ft | Batting: RHB Michael Woodruff | 0-0: Ball 1-0: Ball 2-0: Fly out, F9 (Line Drive, 9S) | Batting: LHB Ernesto López | 0-0: Called Strike 0-1: Fly out, F4 (Line Drive, 4) | Batting: RHB Bo Vickers | 0-0: Ball 1-0: DOUBLE (Line Drive, 78M) | Batting: RHB Roberto Gómez | 0-0: Ball 1-0: Called Strike 1-1: Ball 2-1: Ground out 6-3 (Groundball, 6) | Bottom of the 8th over - 1 run, 2 hits, 0 errors, 1 left on base; Nassau 7 - Maui 2 | TOP OF THE 9TH |
---|
Nassau Rockets batting - Pitching for Maui Tropics : RHP David Bailey | Batting: RHB Salvador Borbón | 0-0: Ball 1-0: Ball 2-0: Ball 3-0: Base on Balls | Batting: RHB Kenji Kudo | 0-0: Ball 1-0: Ball 2-0: SINGLE (Line Drive, 8LS) Salvador Borbón to second | Batting: LHB Doug Thompson | 0-0: Bunt missed! 0-1: Bunted foul 0-2: Ball 1-2: Ball 2-2: Grounds into double play, 5-4-3 (Groundball, 56) Salvador Borbón to third | Batting: SHB Joaquín López | 0-0: Ball 1-0: Called Strike 1-1: Ball 2-1: Ball 3-1: Fly out, F7 (Flyball, 7LS) | Top of the 9th over - 0 runs, 1 hit, 0 errors, 1 left on base; Nassau 7 - Maui 2 | BOTTOM OF THE 9TH |
---|
Maui Tropics batting - Pitching for Nassau Rockets : LHP Joaquín Gonzáles | Batting: RHB Matt Silver | 0-0: Ball 1-0: Reached on error, E5 (Groundball, 56S) | Batting: RHB Jesús Espinoza | 0-0: Swinging Strike 0-1: Ball 1-1: Ball 2-1: DOUBLE (Flyball, 89D) Matt Silver to third | Batting: LHB Don Hull | 0-0: Called Strike 0-1: Ground out 1-3 (Groundball, 15S) | Batting: LHB Luis Antonio Torres | 0-0: Ball 1-0: Fly out, F5 (Line Drive, 5S) | Pitching: RHP Jason Drake | | Batting: LHB Dave Cook | 0-0: Called Strike 0-1: Swinging Strike 0-2: Ball 1-2: Foul Ball, location: 2F 1-2: SINGLE (Line Drive, 4MD) Matt Silver scores Jesús Espinoza to third | Batting: RHB Michael Woodruff | 0-0: Foul Ball, location: 2F 0-1: Foul Ball, location: 2F 0-2: Strikes out swinging | Bottom of the 9th over - 1 run, 2 hits, 1 error, 2 left on base; Nassau 7 - Maui 3 | |